[Event "Titled Tuesday Blitz May 16 Early 2023"]
[White "Lohani, Sujana"]
[Black "Marcziter, Dmitrii"]
[WhiteFideId "12311987"]
[BlackFideId "13900765"]
[WhiteElo "1718"]
[BlackElo "2162"]
[Result "0-1"]
[Round "06"]
[TimeControl "180+2"]
[Date "2023.05.16"]
[WhiteClock "0:00:04"]
[BlackClock "0:00:35"]

1. d4 Nf6 2. Nf3 g6 3. c4 Bg7 4. g3 O-O 5. Bg2 d5 6. O-O Nc6 7. cxd5 Nxd5 8. Nc3 Nb6 9. d5 Na5 10. e4 c6 11. Be3 Nac4 12. Bd4 Nxb2 13. Qb3 N2c4 14. Bxg7 Kxg7 15. dxc6 bxc6 16. Rfd1 Qc7 17. Rac1 Ba6 18. Ne2 Rfd8 19. Qc3+ f6 20. Ned4 Qc8 21. e5 c5 22. Nb3 Rxd1+ 23. Rxd1 Bb7 24. exf6+ exf6 25. Re1 Kf7 26. Bf1 Bd5 27. Rd1 Qc6 28. Bg2 Rd8 29. Nh4 Rd7 30. Bxd5+ Rxd5 31. Rxd5 Qxd5 32. Nf3 Nd7 33. h4 h5 34. Nbd2 Nxd2 35. Nxd2 Ne5 36. Nb3 Nf3+ 37. Kf1 Nd4 38. Qxc5 Qh1# 0-1


[Site "https://www.chess.com"]

[Event "Titled Tuesday Blitz May 16 Early 2023"]
[White "Jiganchine, Roman"]
[Black "Cramling Bellon, Anna"]
[WhiteFideId "2603667"]
[BlackFideId "32009232"]
[WhiteElo "2247"]
[BlackElo "1976"]
[Result "1-0"]
[Round "06"]
[TimeControl "180+2"]
[Date "2023.05.16"]
[WhiteClock "0:00:11"]
[BlackClock "0:00:00"]

1. e4 c5 2. Nf3 e6 3. g3 d5 4. exd5 exd5 5. d4 Nc6 6. Bg2 Nf6 7. O-O cxd4 8. Nxd4 Be7 9. Nc3 O-O 10. Bg5 Be6 11. Re1 Bc5 12. Rxe6 fxe6 13. Nxe6 Qb6 14. Nxf8 Bxf2+ 15. Kh1 Rxf8 16. Nxd5 Qxb2 17. Nxf6+ gxf6 18. Bh6 Ne5 19. Rb1 Qc3 20. Bxf8 Kxf8 21. Qd8+ Kf7 22. Rxb7+ Kg6 23. Qe8+ Kf5 24. Qh5+ Ke6 25. Bh3+ Kd6 26. Qd1+ Bd4 27. Bg2 Qe3 28. Rb3 Qf2 29. Qf1 1-0


[Site "https://www.chess.com"]

[Event "Titled Tuesday Blitz May 16 Early 2023"]
[White "Kretchetov, Alexandre"]
[Black "Fernandez Hernandez, Gerardo"]
[WhiteFideId "4124588"]
[BlackFideId "2207400"]
[WhiteElo "2476"]
[BlackElo "2150"]
[Result "0-1"]
[Round "06"]
[TimeControl "180+2"]
[Date "2023.05.16"]
[WhiteClock "0:00:06"]
[BlackClock "0:00:28"]

1. e4 e6 2. d4 d5 3. e5 c5 4. c3 Nc6 5. Nf3 Qb6 6. Be2 f6 7. Nbd2 cxd4 8. cxd4 Nxd4 9. O-O Nxe2+ 10. Qxe2 fxe5 11. Nxe5 Nf6 12. b3 Bd6 13. Bb2 O-O 14. Ndf3 Ne4 15. Bd4 Qd8 16. Rac1 Bd7 17. Nd2 Nf6 18. f4 Be8 19. g4 Bxe5 20. Bxe5 Rc8 21. Qe3 Rxc1 22. Rxc1 Nxg4 23. Qxa7 Nxe5 24. fxe5 Qg5+ 25. Kh1 Qxd2 26. Qg1 Bc6 27. Qe1 d4+ 28. Kg1 Qg5+ 29. Qg3 Qxc1+ 0-1


[Site "https://www.chess.com"]

[Event "Titled Tuesday Blitz May 16 Early 2023"]
[White "Goswami, Vedant"]
[Black "Floresvillar Gonzalez, Luis Migu"]
[WhiteFideId "5003725"]
[BlackFideId "5100542"]
[WhiteElo "2011"]
[BlackElo "2040"]
[Result "1-0"]
[Round "06"]
[TimeControl "180+2"]
[Date "2023.05.16"]
[WhiteClock "0:00:49"]
[BlackClock "0:00:13"]

1. b3 e5 2. Bb2 d6 3. e3 c5 4. d4 cxd4 5. exd4 Nc6 6. dxe5 dxe5 7. Qxd8+ Kxd8 8. Nd2 Kc7 9. O-O-O Bf5 10. Ngf3 f6 11. Nc4 Nh6 12. Ne3 Be6 13. Nd5+ Kc8 14. Bb5 Bc5 15. Ne3 Rd8 16. Rxd8+ Kxd8 17. Bxc6 bxc6 18. Rd1+ Kc7 19. Nd2 Rd8 20. Ne4 Rxd1+ 21. Kxd1 Bb6 22. Ba3 Nf5 23. Nxf5 Bxf5 24. f3 h5 25. Bf8 Bxe4 26. fxe4 g6 27. Bg7 f5 28. exf5 gxf5 29. Bxe5+ Kd7 30. Ke2 Ke6 31. Bf4 Kd5 32. Kd3 a6 33. c4+ Ke6 34. b4 Bd8 35. a4 Be7 36. b5 cxb5 37. cxb5 axb5 38. axb5 Kd5 39. b6 Kc6 40. Bc7 Bd6 41. Bxd6 Kxd6 42. Kd4 h4 43. h3 Kc6 44. Ke5 Kxb6 45. Kxf5 Kc6 46. Kg4 Kd5 47. Kxh4 Ke6 48. Kg5 Kf7 49. h4 Kg8 50. Kg6 Kh8 51. g4 Kg8 52. g5 Kh8 53. h5 Kg8 54. h6 Kh8 55. Kf7 Kh7 56. g6+ Kxh6 57. g7 Kg5 58. g8=Q+ Kf5 59. Qg6+ Ke5 60. Qf6+ Ke4 61. Ke6 Kd3 62. Qe5 Kc4 63. Qd6 Kb5 64. Qc7 Kb4 65. Qc6 Kb3 66. Qc5 Kb2 67. Qc4 Kb1 68. Qe2 Kc1 69. Kd5 1-0


[Site "https://www.chess.com"]

[Event "Titled Tuesday Blitz May 16 Early 2023"]
[White "Ciuffoletti, Paolo"]
[Black "Papayan, Oleg"]
[WhiteFideId "807630"]
[BlackFideId "4193911"]
[WhiteElo "2143"]
[BlackElo "2171"]
[Result "1-0"]
[Round "06"]
[TimeControl "180+2"]
[Date "2023.05.16"]
[WhiteClock "0:00:08"]
[BlackClock "0:00:13"]

1. e4 d5 2. exd5 Qxd5 3. Nc3 Qa5 4. d4 Nf6 5. Nf3 Bf5 6. Bc4 e6 7. O-O Nc6 8. Bb5 O-O-O 9. Bxc6 bxc6 10. Ne5 Qxe5 11. dxe5 Rxd1 12. Rxd1 Nd7 13. Bf4 Bb4 14. Rd2 Nb6 15. a3 Bxc3 16. bxc3 Nd5 17. Rd4 Nxc3 18. Rc4 Ne2+ 19. Kf1 Nxf4 20. Rxf4 Rd8 21. g4 Bg6 22. Ra4 Rd2 23. Rxa7 Bxc2 24. Re1 c5 25. Ra5 c4 26. Rc5 Bd3+ 27. Kg2 Ra2 28. Ra5 c3 29. Re3 c2 30. Rc5 Ra1 31. Rxd3 c1=Q 32. Rxc1 Rxc1 33. Rf3 Rc4 34. h3 Re4 35. Rxf7 Rxe5 36. Rxg7 h5 37. g5 c5 38. f4 Rf5 39. Kg3 e5 40. fxe5 Rxe5 41. g6 c4 42. Rf7 c3 43. Rf3 Rc5 44. g7 Rg5+ 45. Kh4 Rxg7 46. Rxc3+ Kb7 47. Kxh5 Kb6 48. h4 Kb5 49. Kh6 Rg8 50. h5 Ka4 51. Kh7 Rg5 52. h6 Rg1 53. Kh8 Rg6 54. h7 Rg1 55. Rc8 Kxa3 56. Rg8 Rh1 57. Kg7 Rg1+ 58. Kf6 Rf1+ 59. Ke5 Rh1 60. h8=Q Rxh8 61. Rxh8 Kb4 62. Rc8 Kb5 63. Kd6 Kb6 64. Rb8+ Ka7 65. Kc7 Ka6 66. Rb1 Ka5 67. Kc6 Ka4 68. Kc5 Ka3 69. Kc4 Ka2 70. Rb7 Ka3 71. Rb8 Ka2 72. Kc3 Ka3 73. Ra8# 1-0


[Site "https://www.chess.com"]

[Event "Titled Tuesday Blitz May 16 Early 2023"]
[White "Zaksaite, Salomeja"]
[Black "Srebrnic, Ana"]
[WhiteFideId "12801496"]
[BlackFideId "14603314"]
[WhiteElo "2059"]
[BlackElo "2181"]
[Result "1-0"]
[Round "06"]
[TimeControl "180+2"]
[Date "2023.05.16"]
[WhiteClock "0:00:31"]
[BlackClock "0:00:44"]

1. e4 c5 2. Nf3 e6 3. g3 d5 4. exd5 exd5 5. d4 cxd4 6. Nxd4 Nc6 7. Bb5 Bd7 8. O-O Nf6 9. Re1+ Be7 10. Nc3 O-O 11. Bg5 h6 12. Rxe7 Qxe7 13. Nxd5 Qe5 14. Nxf6+ gxf6 15. Nxc6 Bxc6 16. Bxh6 Kh7 17. Bxf8 Bxb5 18. Bd6 Qh5 19. Qxh5+ 1-0


[Site "https://www.chess.com"]

[Event "Titled Tuesday Blitz May 16 Early 2023"]
[White "zsizsi99"]
[Black "Hartikainen, Jarmo"]
[BlackFideId "503134"]
[WhiteElo "2231"]
[BlackElo "2078"]
[Result "0-1"]
[Round "06"]
[TimeControl "180+2"]
[Date "2023.05.16"]
[WhiteClock "0:00:00"]
[BlackClock "0:00:08"]

1. e4 c5 2. Nf3 Nc6 3. c3 d5 4. exd5 Qxd5 5. Na3 Bg4 6. Bc4 Qe4+ 7. Kf1 e6 8. d3 Qf5 9. h3 Bxf3 10. Qxf3 Qxf3 11. gxf3 a6 12. Rg1 Rd8 13. Bf4 b5 14. Nxb5 axb5 15. Bxb5 Ne7 16. a4 f6 17. a5 Kf7 18. a6 Na7 19. Bc4 Nd5 20. Bxd5 exd5 21. Bc7 Rd7 22. Bb6 Bd6 23. d4 cxd4 24. Bxd4 Rb8 25. b4 Be5 26. Bxe5 fxe5 27. f4 exf4 28. Rg4 Rc7 29. Rxf4+ Ke6 30. Rf3 Nb5 31. Rd3 Rxc3 32. a7 Ra8 33. Ra6+ Ke5 34. Rd1 Rxa7 35. Re1+ Kd4 36. Rb6 Na3 37. Rd6 Rb7 38. Rd1+ Kc4 39. R6xd5 Rxb4 40. Rd7 Kb3 41. Rxg7 Kc2 42. Re1 h5 43. Kg2 h4 44. Re5 Rbb3 45. Reg5 Rxh3 46. Rg4 Rbc3 0-1


[Site "https://www.chess.com"]

[Event "Titled Tuesday Blitz May 16 Early 2023"]
[White "Vargas Rodriguez, Wilver"]
[Black "rionelG"]
[WhiteFideId "3509672"]
[WhiteElo "2246"]
[BlackElo "2225"]
[Result "1-0"]
[Round "06"]
[TimeControl "180+2"]
[Date "2023.05.16"]
[WhiteClock "0:00:14"]
[BlackClock "0:00:10"]

1. e4 c5 2. Nf3 d6 3. d3 g6 4. g3 Bg7 5. Bg2 Nc6 6. O-O e5 7. c4 Nge7 8. Nc3 O-O 9. Rb1 Bg4 10. Be3 Nd4 11. Bxd4 cxd4 12. Ne2 Qd7 13. b4 f5 14. exf5 gxf5 15. h3 Bh5 16. Nh2 d5 17. cxd5 Nxd5 18. Qb3 e4 19. Nf4 Bf7 20. Nxd5 Bxd5 21. Qc2 Rae8 22. Rfe1 e3 23. fxe3 dxe3 24. Bxd5+ Qxd5 25. Qc4 Rd8 26. Nf1 Rfe8 27. Nxe3 Bd4 28. Kf2 Re7 29. Re2 Kf8 30. Qxd5 Rxd5 31. Kf3 Rde5 32. Rbe1 Rb5 33. a3 a5 34. Nc2 Rxe2 35. Rxe2 Bc3 36. a4 Rd5 37. b5 Rxd3+ 38. Re3 Rxe3+ 39. Nxe3 Kf7 40. Nxf5 Bb4 41. Ke4 Bd6 42. Nxd6+ Ke6 43. Nxb7 Kd7 44. Nxa5 1-0


[Site "https://www.chess.com"]

[Event "Titled Tuesday Blitz May 16 Early 2023"]
[White "NtcPou"]
[Black "ChawitAp"]
[WhiteElo "2027"]
[BlackElo "2212"]
[Result "0-1"]
[Round "06"]
[TimeControl "180+2"]
[Date "2023.05.16"]
[WhiteClock "0:00:05"]
[BlackClock "0:00:57"]

1. e4 c6 2. d4 g6 3. Nf3 Bg7 4. Be2 d5 5. e5 Bg4 6. h3 Bxf3 7. Bxf3 e6 8. O-O Ne7 9. Bg5 h6 10. Be3 Nf5 11. Nd2 O-O 12. c3 c5 13. g4 Nxe3 14. fxe3 Nc6 15. Bg2 Qb6 16. Rb1 cxd4 17. cxd4 Rac8 18. Kh1 Na5 19. b3 Rc3 20. b4 Nc4 21. Nxc4 Rxc4 22. Qd2 Rfc8 23. Rfc1 Rxc1+ 24. Rxc1 Rxc1+ 25. Qxc1 Qxb4 26. Qc8+ Bf8 27. Qb8 Qe1+ 28. Kh2 Qxe3 29. Qxa7 b5 30. h4 Qf4+ 31. Kh3 h5 32. gxh5 gxh5 33. Qa5 Qxd4 34. Qxb5 Qxe5 35. a4 Bd6 0-1


[Site "https://www.chess.com"]

[Event "Titled Tuesday Blitz May 16 Early 2023"]
[White "FunnyDuck66"]
[Black "White, John S."]
[BlackFideId "2502348"]
[WhiteElo "2194"]
[BlackElo "1999"]
[Result "1-0"]
[Round "06"]
[TimeControl "180+2"]
[Date "2023.05.16"]
[WhiteClock "0:00:54"]
[BlackClock "0:00:05"]

1. d4 e6 2. c4 d5 3. Nc3 Nf6 4. cxd5 Nxd5 5. e4 Nxc3 6. bxc3 g6 7. Nf3 Bg7 8. Be3 c5 9. Bb5+ Bd7 10. Be2 Qa5 11. Qd2 Nc6 12. O-O O-O 13. e5 cxd4 14. cxd4 Qxd2 15. Nxd2 Ne7 16. Bf3 Bc6 17. Ne4 Nf5 18. g4 Nxe3 19. fxe3 Bxe4 20. Bxe4 Bh6 21. Kf2 Rab8 22. h4 b6 23. g5 Bg7 24. Rfc1 Rfc8 25. Bc6 Rc7 26. Rc2 Rbc8 27. Rac1 h6 28. Ke2 Kf8 29. Be4 Rxc2+ 30. Rxc2 Rxc2+ 31. Bxc2 hxg5 32. hxg5 Ke7 33. Kf3 Kd7 34. Ba4+ Kc7 35. Be8 a5 36. Bxf7 Kd7 37. Bxg6 b5 38. Bd3 Kc6 39. Be4+ Kb6 40. Ke2 b4 41. Bc2 Kb5 42. Bb3 a4 43. Bxe6 a3 44. Bb3 Ka5 45. Kf3 Kb5 46. Ke4 1-0


[Site "https://www.chess.com"]

[Event "Titled Tuesday Blitz May 16 Early 2023"]
[White "MANOJ_MISHRA123"]
[Black "Castillo Pena, Patricia Evarista"]
[BlackFideId "6412106"]
[WhiteElo "2153"]
[BlackElo "1919"]
[Result "1-0"]
[Round "06"]
[TimeControl "180+2"]
[Date "2023.05.16"]
[WhiteClock "0:00:24"]
[BlackClock "0:00:10"]

1. d4 d5 2. Bf4 Nf6 3. e3 c5 4. Nc3 Bf5 5. f3 Nc6 6. g4 Bg6 7. h4 cxd4 8. exd4 h5 9. g5 Nh7 10. a3 Qb6 11. Nb5 e5 12. dxe5 a6 13. Nd6+ Bxd6 14. exd6 Qxb2 15. Rb1 Qc3+ 16. Qd2 Qxc2 17. Qxc2 Bxc2 18. Rxb7 O-O 19. Rc7 Ba4 20. Bh3 Rfe8+ 21. Kf2 Ne5 22. Bxe5 Rxe5 23. Ne2 Bb5 24. Nf4 Rd8 25. d7 Nf8 26. Rc8 Rxd7 27. Bxd7 Bxd7 28. Rd8 Bb5 29. Rd1 Bc4 30. Nxd5 Re2+ 31. Kg3 Bxd5 32. R1xd5 g6 33. Ra5 Kg7 34. Rxa6 Ne6 35. Rd7 Nc5 36. Rdd6 Nxa6 37. Rxa6 Ra2 38. Ra8 Ra1 39. a4 Ra3 40. a5 Ra4 41. a6 Ra5 42. Kf4 Ra4+ 43. Ke5 Ra5+ 44. Kd6 f6 45. Kc6 fxg5 46. hxg5 Rxg5 47. a7 Ra5 48. Kb6 Ra2 49. Rb8 Kh6 50. a8=Q Rxa8 51. Rxa8 Kg5 52. Kc5 Kf4 53. Rf8+ Kg3 54. Kd4 h4 55. Ke3 h3 56. Rg8 h2 57. Rxg6+ Kh4 58. Rh6+ Kg3 59. Rxh2 Kxh2 60. Kf4 Kh3 61. Kg5 Kg3 62. f4 Kf3 63. f5 Ke4 64. f6 Ke5 65. f7 1-0


[Site "https://www.chess.com"]

[Event "Titled Tuesday Blitz May 16 Early 2023"]
[White "Dubov, Daniil"]
[Black "Le, Tuan Minh"]
[WhiteFideId "24126055"]
[BlackFideId "12401153"]
[WhiteElo "2793"]
[BlackElo "2566"]
[Result "1/2-1/2"]
[Round "07"]
[TimeControl "180+2"]
[Date "2023.05.16"]
[WhiteClock "0:00:04"]
[BlackClock "0:00:04"]

1. e4 c5 2. Nf3 Nf6 3. Nc3 d5 4. exd5 Nxd5 5. Bb5+ Bd7 6. Be2 Nf6 7. O-O Nc6 8. d4 cxd4 9. Nxd4 e5 10. Ndb5 a6 11. Nd6+ Bxd6 12. Qxd6 Bf5 13. Qc5 Qd4 14. Be3 Qxc5 15. Bxc5 O-O-O 16. b4 Nd4 17. Bc4 Be6 18. Bd3 Nd5 19. Bxd4 exd4 20. Nxd5 Bxd5 21. Rfe1 Rhe8 22. a3 Kc7 23. f3 g6 24. Kf2 Kd6 25. h4 Rxe1 26. Rxe1 Rc8 27. h5 gxh5 28. Rh1 Rc3 29. Rxh5 Rxa3 30. Rxh7 Ra4 31. Rh6+ Be6 32. f4 Ke7 33. b5 axb5 34. Bxb5 Ra2 35. Bd3 Bb3 36. Rb6 Bxc2 37. Rxb7+ Kd6 38. Bxc2 Rxc2+ 39. Kf3 f5 40. Rb5 Rc3+ 41. Ke2 Rc5 42. Rb8 Kd5 43. Re8 Rc2+ 44. Kd3 Rc3+ 45. Ke2 Rc5 46. Kd3 Rc3+ 47. Ke2 Rc5 48. Kd3 Rc3+ 1/2-1/2


[Site "https://www.chess.com"]

[Event "Titled Tuesday Blitz May 16 Early 2023"]
[White "Mamedyarov, Shakhriyar"]
[Black "Erigaisi Arjun"]
[WhiteFideId "13401319"]
[BlackFideId "35009192"]
[WhiteElo "2704"]
[BlackElo "2719"]
[Result "1-0"]
[Round "07"]
[TimeControl "180+2"]
[Date "2023.05.16"]
[WhiteClock "0:00:15"]
[BlackClock "0:00:03"]

1. d4 g6 2. e4 d6 3. Nf3 Bg7 4. Bc4 Nc6 5. O-O Nf6 6. Re1 Nxe4 7. Rxe4 d5 8. Bxd5 Qxd5 9. Nc3 Qd8 10. d5 Bf5 11. Re1 Nb8 12. Bg5 f6 13. Bf4 O-O 14. Nd4 Bd7 15. Qe2 f5 16. Rad1 Na6 17. Nc6 Qe8 18. Nxe7+ Kh8 19. d6 cxd6 20. Bxd6 Qf7 21. Qf3 Be6 22. Qxb7 Bc4 23. Ncd5 Rad8 24. Ba3 Rfe8 25. Ne3 Rxd1 26. Rxd1 Be2 27. Re1 f4 28. Rxe2 fxe3 29. Rxe3 Bd4 30. Re2 Nc5 31. Qf3 Rxe7 32. Qxf7 Rxf7 33. c3 Bxc3 34. Bxc5 Bf6 35. g3 Kg7 36. b4 Rd7 37. a4 Kf7 38. Kg2 a6 39. a5 Rd3 40. h4 Bd4 41. Rc2 h5 42. Rc4 Bf6 43. Be3 Rd6 44. Rc7+ Ke6 45. Bc5 Rd7 46. Rc6+ Kf5 47. Rxa6 Rd3 48. Rd6 g5 49. Rxd3 1-0


[Site "https://www.chess.com"]

[Event "Titled Tuesday Blitz May 16 Early 2023"]
[White "Martinez Alcantara, Jose Eduardo"]
[Black "Maghsoodloo, Parham"]
[WhiteFideId "3805662"]
[BlackFideId "12539929"]
[WhiteElo "2711"]
[BlackElo "2655"]
[Result "0-1"]
[Round "07"]
[TimeControl "180+2"]
[Date "2023.05.16"]
[WhiteClock "0:00:01"]
[BlackClock "0:00:36"]

1. e4 c5 2. Nf3 e6 3. c3 d5 4. exd5 Qxd5 5. d4 Nf6 6. Be2 Be7 7. O-O O-O 8. c4 Qd8 9. Nc3 cxd4 10. Nxd4 a6 11. Be3 Bd7 12. Bf3 Qc7 13. Rc1 Rd8 14. Qe2 Nc6 15. Nxc6 Bxc6 16. b3 h6 17. g3 Bxf3 18. Qxf3 Rd3 19. Rfd1 Rad8 20. Qe2 Rxd1+ 21. Rxd1 Rxd1+ 22. Qxd1 Qa5 23. Qc2 Ng4 24. Bd4 Bc5 25. Qd1 h5 26. Kg2 Bb4 27. Ne4 Qxa2 28. h3 Nh6 29. Qxh5 Nf5 30. Qg5 Be7 31. Bf6 Qc2 32. Bxe7 Qxe4+ 33. Kh2 Nd4 34. Qc5 Nf3+ 35. Kg2 Nd2+ 36. Kh2 Nxb3 37. Qc8+ Kh7 38. Qd7 Nd4 39. Bc5 Nf3+ 40. Kg2 Ne5+ 0-1


[Site "https://www.chess.com"]

[Event "Titled Tuesday Blitz May 16 Early 2023"]
[White "Kovalenko, Igor"]
[Black "Tabatabaei, M. Amin"]
[WhiteFideId "14117908"]
[BlackFideId "12521213"]
[WhiteElo "2574"]
[BlackElo "2575"]
[Result "1-0"]
[Round "07"]
[TimeControl "180+2"]
[Date "2023.05.16"]
[WhiteClock "0:00:07"]
[BlackClock "0:00:00"]

1. c4 e5 2. Nc3 Nc6 3. g3 Nf6 4. Bg2 Bc5 5. e3 d5 6. cxd5 Nb4 7. Nf3 Nd3+ 8. Ke2 Bf5 9. Nh4 Bg4+ 10. f3 Nxc1+ 11. Rxc1 Bd7 12. Ne4 Be7 13. Qb3 O-O 14. Rhf1 a5 15. a4 Ra6 16. Qxb7 Rb6 17. Qxc7 Nxd5 18. Qxd8 Rxd8 19. Nc5 Bxc5 20. Rxc5 Bxa4 21. Rfc1 g6 22. f4 Nb4 23. Rc8 Bb5+ 24. Kd1 Ba4+ 25. Ke2 Bb5+ 26. Kd1 Rd6 27. Rxd8+ Rxd8 28. Rc5 Ba4+ 29. Ke2 exf4 30. gxf4 Nd3 31. Rxa5 Nc1+ 32. Ke1 Nd3+ 33. Ke2 Nc1+ 34. Ke1 Nd3+ 35. Kf1 Nxb2 36. Nf3 Bd1 37. Nd4 Nc4 38. Ra8 Rxa8 39. Bxa8 Bg4 40. Ke1 Kg7 41. Bd5 Nd6 42. Kf2 Bd7 43. d3 f5 44. e4 fxe4 45. dxe4 Ne8 46. e5 Nc7 47. Bc4 h6 48. Ke3 Bc8 49. Kd3 Bd7 50. Kc3 Bc8 51. Kb4 Ne8 52. Kc5 h5 53. h4 Bg4 54. Kc6 Kf8 55. Bd3 Kf7 56. Bc4+ Ke7 57. Bd3 Kf7 58. Be4 Ng7 59. Kd6 Ne8+ 60. Kc6 Ng7 61. Kc7 Ne8+ 62. Kd8 Ng7 63. Bd5+ Kf8 64. e6 Nf5 65. Nxf5 1-0


[Site "https://www.chess.com"]

[Event "Titled Tuesday Blitz May 16 Early 2023"]
[White "Hakobyan, Aram"]
[Black "Moussard, Jules"]
[WhiteFideId "13306677"]
[BlackFideId "642908"]
[WhiteElo "2584"]
[BlackElo "2610"]
[Result "1-0"]
[Round "07"]
[TimeControl "180+2"]
[Date "2023.05.16"]
[WhiteClock "0:01:31"]
[BlackClock "0:02:03"]

1. d4 Nf6 2. c4 e6 3. Nc3 d5 4. Nf3 a6 5. c5 b6 6. cxb6 c5 7. Bf4 Qxb6 8. Na4 Qb4+ 9. Bd2 cxd4 10. Bxb4 Bxb4+ 11. Nd2 Ne4 12. Nb6 Nxd2 13. Qa4+ Nc6 14. Qxc6+ Ke7 15. Qc7+ Kf6 16. Nxd5+ exd5 17. Qb6+ Be6 18. Qxd4+ 1-0


[Site "https://www.chess.com"]

[Event "Titled Tuesday Blitz May 16 Early 2023"]
[White "Zakhartsov, Vladimir"]
[Black "Bortnyk, Olexandr"]
[WhiteFideId "4145097"]
[BlackFideId "14120828"]
[WhiteElo "2495"]
[BlackElo "2734"]
[Result "1/2-1/2"]
[Round "07"]
[TimeControl "180+2"]
[Date "2023.05.16"]
[WhiteClock "0:00:03"]
[BlackClock "0:00:02"]

1. d4 d6 2. e4 Nf6 3. Nc3 e5 4. dxe5 dxe5 5. Qxd8+ Kxd8 6. Bg5 Be6 7. O-O-O+ Nd7 8. f4 exf4 9. Nge2 Bd6 10. Nxf4 Bxf4+ 11. Bxf4 c6 12. h3 Kc8 13. Be2 Nb6 14. b3 Rd8 15. a4 Rxd1+ 16. Rxd1 Nbd7 17. Bf3 Kd8 18. e5 Ne8 19. Ne4 Ke7 20. Nd6 Rb8 21. a5 a6 22. c4 h6 23. h4 Nxd6 24. exd6+ Kf8 25. Kc2 Re8 26. g4 f6 27. Kc3 g5 28. Bg3 Bf7 29. Re1 Rxe1 30. Bxe1 Be6 31. hxg5 fxg5 32. Bg3 Ke8 33. b4 Kd8 34. b5 axb5 35. cxb5 Nb8 36. Kb4 Kc8 37. Be5 cxb5 38. Kxb5 Nd7 39. Bg7 Kb8 40. Be2 Kc8 41. Bd1 Kb8 42. Bf3 Kc8 43. Be2 Kb8 44. Bxh6 Ne5 45. Bxg5 Nxg4 46. Bf4 Bd7+ 47. Kc5 Nf6 48. Bf3 Ka7 49. Be5 Ne8 50. Be2 Bc6 51. Bb5 Bxb5 52. Kxb5 Nxd6+ 53. Bxd6 Ka8 54. Bc7 Ka7 55. Kc5 Ka8 56. Kd6 Ka7 57. Kd7 Ka8 58. Bf4 Ka7 59. Be3+ Kb8 60. Bb6 Ka8 61. Kd8 Kb8 62. Bd4 Ka8 63. Kc7 b5 64. axb6 1/2-1/2


[Site "https://www.chess.com"]

[Event "Titled Tuesday Blitz May 16 Early 2023"]
[White "Andreikin, Dmitry"]
[Black "Kamsky, Gata"]
[WhiteFideId "4158814"]
[BlackFideId "2000024"]
[WhiteElo "2736"]
[BlackElo "2660"]
[Result "1/2-1/2"]
[Round "07"]
[TimeControl "180+2"]
[Date "2023.05.16"]
[WhiteClock "0:00:13"]
[BlackClock "0:00:32"]

1. d4 Nf6 2. c4 e6 3. Nc3 Bb4 4. Nf3 b6 5. Qc2 Bb7 6. a3 Bxc3+ 7. Qxc3 a5 8. Bg5 h6 9. Bh4 a4 10. Nd2 d6 11. f3 c5 12. e3 Nc6 13. Be2 O-O 14. O-O cxd4 15. exd4 d5 16. cxd5 Qxd5 17. Bxf6 gxf6 18. Kh1 Qxd4 19. Qc1 Qe3 20. Ne4 Qxc1 21. Raxc1 Nd4 22. Nxf6+ Kg7 23. Nh5+ Kg6 24. Ng3 Nxe2 25. Nxe2 Ba6 26. Rfe1 Bxe2 27. Rxe2 Rac8 28. Rec2 Rxc2 29. Rxc2 Rd8 30. Kg1 b5 31. Kf2 Rd3 32. g4 Rb3 33. Kg3 e5 34. Kf2 h5 35. gxh5+ Kxh5 36. Rc5 Rxb2+ 37. Ke3 f6 38. f4 Rb3+ 39. Ke4 Kg6 40. fxe5 fxe5 41. Kxe5 Rxa3 42. Rxb5 Ra1 43. Ra5 a3 44. Kd4 a2 45. Kc3 Rc1+ 46. Kb2 a1=Q+ 47. Rxa1 Rxa1 48. Kxa1 Kg5 49. h4+ Kxh4 1/2-1/2


[Site "https://www.chess.com"]

[Event "Titled Tuesday Blitz May 16 Early 2023"]
[White "JeRoma71"]
[Black "Zhigalko, Sergei"]
[BlackFideId "13502956"]
[WhiteElo "2846"]
[BlackElo "2626"]
[Result "1-0"]
[Round "07"]
[TimeControl "180+2"]
[Date "2023.05.16"]
[WhiteClock "0:00:42"]
[BlackClock "0:00:00"]

1. Nf3 d5 2. g3 c6 3. Bg2 Bg4 4. O-O e6 5. c4 Nf6 6. Qb3 Qb6 7. d3 Nbd7 8. Be3 Qa6 9. Nc3 Be7 10. h3 Bh5 11. a3 O-O 12. Qa2 Bxf3 13. Bxf3 dxc4 14. dxc4 Ne5 15. b3 Nxf3+ 16. exf3 Rfd8 17. Qc2 h6 18. Ne4 Rd7 19. a4 Rad8 20. Rfd1 Nxe4 21. fxe4 b6 22. Rxd7 Rxd7 23. Rd1 Qc8 24. Rd2 Bb4 25. Rd3 Qd8 26. Rxd7 Qxd7 27. Kf1 e5 28. Kg2 Bc5 29. Qd2 Qxd2 30. Bxd2 f6 31. b4 Bd4 32. b5 Kf7 33. Kf3 c5 34. a5 Ke6 35. a6 h5 36. Be1 Kd7 37. g4 hxg4+ 38. Kxg4 g6 39. f3 Be3 40. h4 Ke6 41. Ba5 f5+ 42. exf5+ gxf5+ 43. Kh5 e4 44. fxe4 fxe4 45. Kg4 bxa5 46. b6 Bf4 47. bxa7 Bb8 48. a8=Q 1-0


[Site "https://www.chess.com"]

[Event "Titled Tuesday Blitz May 16 Early 2023"]
[White "Lenderman, Aleksandr"]
[Black "Visakh N R"]
[WhiteFideId "2021285"]
[BlackFideId "25012223"]
[WhiteElo "2607"]
[BlackElo "2466"]
[Result "1-0"]
[Round "07"]
[TimeControl "180+2"]
[Date "2023.05.16"]
[WhiteClock "0:01:46"]
[BlackClock "0:00:25"]

1. Nf3 d5 2. e3 Nf6 3. c4 e6 4. b3 c5 5. Bb2 Nc6 6. cxd5 exd5 7. Bb5 Bd6 8. O-O O-O 9. d4 cxd4 10. Nxd4 Bc7 11. Nd2 Qd6 12. N2f3 Bg4 13. Bxc6 bxc6 14. h3 Bh5 15. Qc2 Bxf3 16. Nxf3 Ne4 17. Be5 Qe7 18. Bxc7 Qxc7 19. Rac1 Rac8 20. Rfd1 Rfd8 21. Nd4 c5 22. Nb5 Qb6 23. Nc3 Nxc3 24. Qxc3 h6 25. Rd2 Rd6 26. Rcd1 Rcd8 27. Qe5 d4 28. exd4 Rxd4 29. Rxd4 cxd4 30. Rd3 Qe6 31. Qxe6 fxe6 32. f4 Kf7 33. Kf2 e5 34. Kf3 Ke6 35. Ke4 exf4 36. Rxd4 Rxd4+ 37. Kxd4 g5 38. Ke4 Kf6 39. b4 Ke6 40. a4 Kd6 41. Kf5 Kd5 42. Kg6 Kc4 43. Kxh6 Kxb4 44. Kxg5 Kxa4 45. h4 a6 46. h5 1-0


[Site "https://www.chess.com"]

[Event "Titled Tuesday Blitz May 16 Early 2023"]
[White "Tang, Andrew"]
[Black "Suyarov, Mukhammadzokhid"]
[WhiteFideId "2059630"]
[BlackFideId "14210495"]
[WhiteElo "2596"]
[BlackElo "2361"]
[Result "0-1"]
[Round "07"]
[TimeControl "180+2"]
[Date "2023.05.16"]
[WhiteClock "0:00:03"]
[BlackClock "0:00:18"]

1. d4 e6 2. Nf3 Nf6 3. Bf4 b6 4. e3 Bb7 5. a4 a6 6. a5 b5 7. c4 bxc4 8. Bxc4 Bb4+ 9. Nc3 O-O 10. O-O d6 11. Qb3 Nc6 12. d5 exd5 13. Nxd5 Rb8 14. Nxb4 Nxb4 15. Qxb4 Bxf3 16. Qd2 Bb7 17. f3 Nd7 18. e4 Ne5 19. Be2 Ng6 20. Bg5 Qd7 21. Rac1 h6 22. Be3 Ne5 23. Rfd1 Rfe8 24. Bd4 Re6 25. b4 Nc6 26. Ba1 Rg6 27. b5 Qh3 28. Bf1 axb5 29. a6 Ba8 30. Kh1 Qh5 31. Qb2 Ne5 32. Qf2 c5 33. Rd2 Rb6 34. h3 Rf6 35. Qe3 Rxa6 36. Bxb5 Ra5 37. Be2 Qh4 38. Rf1 Rg6 39. f4 Rg3 40. Bf3 Nxf3 41. Rd3 Rxh3+ 42. gxh3 Qxh3# 0-1


[Site "https://www.chess.com"]

[Event "Titled Tuesday Blitz May 16 Early 2023"]
[White "Ibarra Jerez, Jose Carlos"]
[Black "Kravtsiv, Martyn"]
[WhiteFideId "2226332"]
[BlackFideId "14113147"]
[WhiteElo "2638"]
[BlackElo "2695"]
[Result "0-1"]
[Round "07"]
[TimeControl "180+2"]
[Date "2023.05.16"]
[WhiteClock "0:00:01"]
[BlackClock "0:00:36"]

1. e4 e5 2. Nf3 Nc6 3. Nc3 Nf6 4. h3 Bb4 5. Nd5 Nxd5 6. exd5 e4 7. dxc6 exf3 8. Qxf3 dxc6 9. Bc4 O-O 10. O-O Qd4 11. d3 Bd6 12. Re1 Be6 13. Re4 Qb6 14. Bxe6 fxe6 15. Qe2 Bc5 16. Rf4 e5 17. Qxe5 Rfe8 18. Qf5 Re1+ 19. Kh2 Rf8 20. Qg4 Bd6 21. Be3 Rxe3 22. fxe3 Qxe3 23. g3 Bxf4 24. gxf4 Rxf4 25. Qc8+ Rf8 26. Qg4 Qd2+ 27. Kh1 Qxc2 28. Rg1 Qxb2 29. Qe6+ Kh8 30. Qe7 Qf6 31. Qxc7 Qf3+ 32. Kh2 Qf4+ 33. Qxf4 Rxf4 34. Re1 Kg8 35. Re7 Rb4 36. Kg3 h6 37. h4 a5 38. h5 a4 39. a3 Rb3 40. Kf4 b5 41. Rd7 Rxa3 42. Kf5 Kh7 43. Rd6 Rc3 44. Ke4 a3 45. Kd4 b4 46. Rd7 a2 47. Ra7 Ra3 0-1


[Site "https://www.chess.com"]